 Dungeon Crawl Stone Soup version 0.25-a0-366-g516bc45ae0 (webtiles) character file.

Game seed: 17617990923689796786, levelgen mode: deterministic

33541 Gargoyl the Cleaver (level 13, -7/107 HPs)
             Began as a Centaur Abyssal Knight on Jan 3, 2020.
             Was an Elder of Lugonu.
             Mangled by a catoblepas (21 damage)
             ... on level 6 of the Lair of Beasts on Jan 6, 2020.
             The game lasted 00:33:32 (24659 turns).

Gargoyl the Cleaver (Centaur Abyssal Knight)       Turns: 24659, Time: 00:33:33

Health: -7/107     AC: 17    Str: 22    XL:     13   Next: 37%
Magic:  16/20      EV:  7    Int: 11    God:    Lugonu [****..]
Gold:   282        SH:  3    Dex: 10    Spells: 12/12 levels left

rFire    . . .     SeeInvis .   E - +1 battleaxe (venom)
rCold    + . .     Gourm    .   (shield currently unavailable)
rNeg     + . .     Faith    .   C - +1 plate armour
rPois    +         Spirit   .   H - +0 helmet of the Desert {rPois rC+}
rElec    +         Reflect  +   s - scarf {repulsion}
rCorr    .         Harm     .   f - +0 pair of gloves {Str+3}
MR       +....     Rnd*Rage +   (no barding)
Stlth    ..........             l - +3 amulet of reflection
HPRegen  0.27/turn              o - ring "Cehiejon" {rElec rN+ Stlth+}
MPRegen  0.17/turn              p - ring of protection from magic

@: berserk cooldown, slowed, repel missiles
A: large, hooves 3, berserk 1, deformed body, speed 2, shaggy fur 1, tough skin
3
a: Depart the Abyss, Bend Space, Banish, Corrupt, Renounce Religion


You were on level 6 of the Lair of Beasts.
You worshipped Lugonu.
Lugonu was greatly pleased with you.
You were hungry.

You visited 2 branches of the dungeon, and saw 15 of its levels.
You visited the Abyss 2 times.
You also visited: Ossuary.

You collected 898 gold pieces.
You spent 616 gold pieces at shops.

Inventory:

Hand Weapons
 a - a +1 hand axe
 t - a +1 war axe of flaming
 E - a +1 battleaxe of venom (weapon)
Missiles
 v - 17 boomerangs (quivered)
Armour
 f - a +0 pair of gloves of strength (worn)
 s - a scarf of repulsion (worn)
 C - a +1 plate armour (worn)
 H - the +0 helmet of the Desert (worn) {rPois rC+}
   (You bought it in a shop on level 9 of the Dungeon)

   It protects you from cold.
   It protects you from poison.
 N - a +2 shield
Jewellery
 l - a +3 amulet of reflection (around neck)
 o - the ring "Cehiejon" (left hand) {rElec rN+ Stlth+}
   (You found it on level 1 of the Lair of Beasts)

   [ring of positive energy]

   It insulates you from electricity.
   It protects you from negative energy.
   It makes you more stealthy.
 p - a ring of protection from magic (right hand)
 x - an uncursed ring of protection from cold
 L - an uncursed ring of see invisible
Wands
 e - a wand of polymorph (9)
 m - a wand of disintegration (5)
 A - a wand of random effects (34)
 G - a wand of iceblast (16)
 M - a wand of flame (8)
 O - a wand of paralysis (5)
Scrolls
 b - 4 scrolls of fear
 g - 14 scrolls of teleportation
 h - 3 scrolls of identify
 i - 12 scrolls of remove curse
 r - a scroll of blinking
 D - a scroll of enchant armour
 I - 4 scrolls of brand weapon
 K - 2 scrolls of fog
Potions
 d - 3 potions of brilliance
 j - 2 potions of ambrosia
 k - 4 potions of curing
 n - 2 potions of agility
 q - 2 potions of haste
 u - 2 potions of resistance
 w - a potion of magic
 z - 3 potions of invisibility
 B - 3 potions of might
 F - a potion of flight
 J - 2 potions of cancellation
 P - a potion of berserk rage
Comestibles
 c - 25 rations
 Q - 4 chunks of flesh


   Skills:
 + Level 8.1 Fighting
 + Level 11.1 Axes
 + Level 1.1 Throwing
 * Level 10.3 Armour
 * Level 6.9 Dodging
 + Level 1.0 Shields
 * Level 10.3 Invocations
 + Level 0.5 Evocations


You had 12 spell levels left.
You didn't know any spells.
Your spell library contained the following spells:

 Spells                   Type           Power        Failure   Level  Hunger
 Beastly Appendage        Tmut           #.....       99%         1    ##.....
 Sandblast                Erth           #.....       99%         1    ##.....
 Passwall                 Tmut/Erth      #.......     100%        2    ###....
 Poisonous Vapours        Pois/Air       #.....       100%        2    ###....
 Sticks to Snakes         Tmut           #.......     100%        2    ###....
 Conjure Flame            Conj/Fire      #.......     100%        3    ####...
 Mephitic Cloud           Conj/Pois/Air  #.......     100%        3    ####...
 Spider Form              Tmut/Pois      #.........   100%        3    ####...
 Stone Arrow              Conj/Erth      #.....       100%        3    ####...
 Ice Form                 Ice/Tmut       #.......     100%        4    #####..
 Petrify                  Tmut/Erth      #.......     100%        4    #####..
 Blade Hands              Tmut           #.........   100%        5    ######.
 Bolt of Magma            Conj/Fire/Erth #.........   100%        5    ######.
 Iskenderun's Battlesphe  Conj/Chrm      #.......     100%        5    ######.
 Lee's Rapid Deconstruct  Erth           #.........   100%        5    ######.
 Freezing Cloud           Conj/Ice/Air   #.........   100%        6    #######
 Iron Shot                Conj/Erth      #.........   100%        6    #######
 Orb of Destruction       Conj           #.........   100%        7    #######
 Ring of Flames           Chrm/Fire      #.........   100%        7    #######
 Spellforged Servitor     Conj/Summ      #.........   100%        7    #######


Dungeon Overview and Level Annotations

Branches:
Dungeon (9/15)             Temple (0/1) D:4            Lair (6/6) D:9
 Shoals (0/4) Lair:2       Spider (0/4) Lair:2        Slime (0/5) Lair:6
Ossuary (visited)
    Orc: D:9-12

Altars:
Ashenzari
Cheibriados
Gozag
Qazlal
Sif Muna
Uskayaw
Yredelemnul
Jiyva

Shops:
D:7 [   D:9 [[[[%

Annotations:
Abyss:1 Harold


Innate Abilities, Weirdness & Mutations

You have hooves in place of feet.
Armour fits poorly on your strangely shaped body.
You cover ground very quickly.
You have extremely tough skin. (AC +3)
You tend to lose your temper in combat.
You are covered in fur. (AC +1)


Message History

You are slowing down.
Your limbs are stiffening.
You have turned to stone.
The catoblepas gores you but does no damage.
The catoblepas gores you but does no damage. x2
The catoblepas gores you! The catoblepas gores you!!
* * * LOW HITPOINT WARNING * * *
The catoblepas gores you but does no damage.
You turn to flesh and can move again.
Unknown command.
Press: ? - help, Shift-Dir - straight line, f - catoblepas
Aim: a catoblepas (chance to defeat MR: 24%)
The catoblepas resists with almost no effort.
You feel somewhat more hungry.
The catoblepas breathes a plume of calcifying dust at you.
The blast of calcifying dust hits you!
* * * LOW HITPOINT WARNING * * *
The catoblepas gores you!!
You die...

§♣## #.........P .§.# #
.##........# ...##
#...#......... .P..#
##...#......... #...###
#....##........ #....P#####
##P....##....... ##........####
###.....P.##......
##P..÷.Y....♣##................#
###.......♣÷.Y@§§..............
##.......####................
##....### ##.......P.......
###### .###....P........
...##....P.......
....##...........
.....#.........P#
.................
................#


You could see a catoblepas.

Vanquished Creatures
  Gastronok (D:8)
  A stone giant (Lair:4)
  A hydra (Lair:6)
  Erica (Lair:2)
  6 death yaks
  The ghost of walterwhite the Changer, a novice OpTm of Makhleb (Lair:1)
  Pikel (D:4)
  13 elephants
  A manticore (Lair:2)
  3 black mambas
  A torpor snail (Lair:5)
  3 spiny frogs
  4 komodo dragons
  3 rime drakes (Lair:6)
  8 blink frogs
  3 polar bears
  6 hippogriffs
  3 slime creatures (Lair:1)
  Sigmund (D:2)
  A spriggan (D:8)
  2 wyverns (Lair:4)
  9 yaks
  3 basilisks
  A hungry ghost (D:9)
  3 swamp worms (Lair:4)
  A porcupine (Lair:5)
  9 water moccasins
  3 ice beasts
  Duvessa (D:4)
  A black bear (Lair:6)
  2 orc warriors
  2 sky beasts
  6 ogres
  6 wolves (Lair:2)
  2 phantoms (D:9)
  4 centaurs
  16 crocodiles
  A big kobold (D:8)
  Blork the orc (D:4)
  11 bullfrogs
  Dowan (D:4)
  A water moccasin zombie (D:9)
  3 scorpions
  3 wights (D:9)
  3 electric eels
  2 howler monkeys
  A crimson imp (D:7)
  A centaur zombie (D:7)
  A bullfrog zombie (D:5)
  6 jellies
  2 hounds
  2 orc priests (D:7)
  8 orc wizards
  A bullfrog skeleton (D:6)
  Terence (D:3)
  Jessica (D:3)
  An iguana (D:9)
  Natasha (twice) (D:2)
  6 worker ants
  A hound skeleton (D:9)
  13 mummies (Ossuary)
  Robin (D:2)
  3 adders
  A shadow imp (D:9)
  3 oozes
  2 adder skeletons
  3 worms
  A dart slug (D:3)
  2 leopard geckos
  36 orcs
  4 bats
  A giant cockroach (D:2)
  17 goblins
  11 hobgoblins
  6 jackals
  10 kobolds
  2 quokkas
  A ball python (D:2)
  10 frilled lizards
  4 goblin skeletons (Ossuary)
  A jackal skeleton (D:5)
  2 kobold skeletons (Ossuary)
  2 orc skeletons (Ossuary)
  A quokka skeleton (D:7)
  11 rats
  11 rat skeletons (Ossuary)
  3 fungi
  A plant (Lair:4)
356 creatures vanquished.

Vanquished Creatures (others)
  An ice dragon (Lair:1)
  4 hydras
  A slime creature (Lair:1)
  A hippogriff (D:8)
  A slave (D:4)
  7 fungi
  8 plants
23 creatures vanquished.

Grand Total: 379 creatures vanquished

Notes
Turn   | Place    | Note
-------+----------+-------------------------------------------
     0 | Abyss:1  | Gargoyl the Centaur Abyssal Knight began the quest for the
                  | Orb.
     0 | Abyss:1  | Reached XP level 1. HP: 19/19 MP: 2/2
    35 | Abyss:1  | Noticed a cacodemon
    38 | Abyss:1  | Gained mutation: Your magical capacity is low. (-10% MP) [a
                  | cacodemon]
    43 | D:1      | Escaped the Abyss
   281 | D:1      | Reached * piety under Lugonu
   300 | D:1      | Reached XP level 2. HP: 21/26 MP: 3/3
   439 | D:1      | Reached skill level 2 in Axes
   781 | D:2      | Reached skill level 1 in Dodging
   915 | D:2      | Found a hide-covered altar of Uskayaw.
   983 | D:2      | Noticed Sigmund
  1004 | D:2      | Killed Sigmund
  1004 | D:2      | Reached XP level 3. HP: 7/33 MP: 4/4
  1004 | D:2      | Reached XP level 4. HP: 8/40 MP: 5/5
  1004 | D:2      | Reached XP level 5. HP: 10/46 MP: 6/6
  1277 | D:2      | Found a stormy altar of Qazlal.
  1289 | D:2      | Found an opulent altar of Gozag.
  1682 | D:2      | Noticed Natasha
  1692 | D:2      | Killed Natasha
  1842 | D:2      | Noticed Robin
  1854 | D:2      | Reached ** piety under Lugonu
  1858 | D:2      | Killed Robin
  2019 | D:2      | Noticed a water elemental
  2020 | D:2      | Noticed a fire elemental
  2020 | D:2      | Noticed an air elemental
  2142 | D:3      | Noticed Jessica
  2149 | D:3      | Killed Jessica
  2149 | D:3      | Reached skill level 3 in Axes
  2149 | D:3      | Reached XP level 6. HP: 52/52 MP: 7/7
  2720 | D:3      | Noticed Terence
  2736 | D:3      | Killed Terence
  3005 | D:3      | Reached *** piety under Lugonu
  3113 | D:4      | Found a shattered altar of Ashenzari.
  3124 | D:4      | Reached XP level 7. HP: 33/59 MP: 8/8
  3161 | D:4      | Noticed Duvessa
  3163 | D:4      | Noticed Dowan
  3173 | D:4      | Killed Duvessa
  3181 | D:4      | Killed Dowan
  3433 | D:4      | Found a staircase to the Ecumenical Temple.
  3465 | D:4      | Cast into level 1 of the Abyss (orc)
  3553 | Abyss:1  | Noticed a large abomination
  3562 | Abyss:1  | Noticed a purple draconian
  3565 | D:4      | Escaped the Abyss
  3759 | D:5      | Entered Level 5 of the Dungeon
  3776 | D:5      | Reached skill level 4 in Axes
  4364 | D:4      | Noticed Blork the orc
  4393 | D:4      | Killed Blork the orc
  4547 | D:4      | Reached XP level 8. HP: 63/67 MP: 10/10
  5379 | D:5      | Noticed Pikel
  5696 | D:4      | Killed Pikel
  5696 | D:4      | Reached skill level 5 in Fighting
  5696 | D:4      | Reached skill level 5 in Axes
  5696 | D:4      | Reached skill level 5 in Armour
  5696 | D:4      | Reached skill level 5 in Invocations
  6265 | D:6      | Found a sand-covered staircase.
  6275 | Ossuary  | Entered an ossuary
  6532 | Ossuary  | Reached XP level 9. HP: 74/74 MP: 11/11
  7114 | D:6      | Lost mutation: Your magical capacity is low. (-10% MP)
                  | [potion of mutation]
  7114 | D:6      | Gained mutation: You tend to lose your temper in combat.
                  | [potion of mutation]
  7114 | D:6      | Gained mutation: You are covered in fur. (AC +1) [potion of
                  | mutation]
  7219 | D:6      | Reached **** piety under Lugonu
  7631 | D:6      | Found a basalt altar of Yredelemnul.
  7784 | D:7      | Found Jaevib's Armour Boutique.
  7792 | D:7      | Bought a +1 pair of gloves for 149 gold pieces
  7841 | D:7      | Reached skill level 6 in Axes
  8042 | D:7      | Found a snail-covered altar of Cheibriados.
  8049 | D:7      | Noticed Harold
  8063 | D:6      | Banished Harold
 10316 | D:8      | Noticed Gastronok
 10330 | D:8      | Killed Gastronok
 10330 | D:8      | Reached skill level 7 in Axes
 10330 | D:8      | Reached XP level 10. HP: 77/83 MP: 13/15
 10589 | D:9      | Upgraded the game from 0.25-a0-356-g7c9d860b3b to
                  | 0.25-a0-366-g516bc45ae0
 10594 | D:9      | Found Nukkuor's Food Shoppe.
 10854 | D:9      | Found Vudydwal's Armour Shop.
 10997 | D:9      | Found a shimmering blue altar of Sif Muna.
 11195 | D:9      | Found Ceajedd's Antique Armour Boutique.
 11242 | D:9      | Found a staircase to the Lair.
 11247 | D:9      | Found Desojir's Antique Armour Shoppe.
 11383 | D:9      | Found Cutethra Qise's Antique Armour Boutique.
 11414 | D:9      | Reached skill level 8 in Axes
 11901 | D:2      | Noticed Natasha
 11915 | D:2      | Killed Natasha
 12161 | Lair:1   | Entered Level 1 of the Lair of Beasts
 12199 | Lair:1   | Noticed a spiny frog
 12209 | Lair:1   | Killed a spiny frog
 12413 | Lair:1   | Noticed a death ooze
 12415 | Lair:1   | Found a runed translucent gate.
 12415 | Lair:1   | Found a runed translucent gate.
 12415 | Lair:1   | Noticed an eight-headed hydra
 12417 | Lair:1   | Reached ***** piety under Lugonu
 12417 | Lair:1   | Banished an eight-headed hydra
 12467 | Lair:1   | Noticed an eight-headed hydra
 12472 | Lair:1   | Banished an eight-headed hydra
 12472 | Lair:1   | Reached skill level 5 in Dodging
 12472 | Lair:1   | Reached XP level 11. HP: 80/89 MP: 16/16
 12703 | D:9      | Bought the +0 helmet of the Desert {rPois rC+} for 295 gold
                  | pieces
 12896 | Lair:1   | Got a clouded brass ring
 13003 | Lair:1   | Noticed an ice dragon
 13006 | Lair:1   | Banished an ice dragon
 13239 | Lair:1   | Found a runed translucent gate.
 13241 | Lair:1   | Found a viscous altar of Jiyva.
 13241 | Lair:1   | Noticed walterwhite's ghost (novice OpTm)
 13272 | Lair:2   | Noticed a four-headed hydra
 13612 | Lair:1   | Killed walterwhite's ghost
 13777 | Lair:2   | Identified the ring "Cehiejon" {rElec rN+ Stlth+} (You
                  | found it on level 1 of the Lair of Beasts)
 14187 | Lair:2   | Banished a five-headed hydra
 14745 | Lair:2   | Found a hole to the Spider Nest.
 14783 | Lair:2   | Reached skill level 9 in Axes
 15152 | Lair:2   | Found a staircase to the Shoals.
 15215 | Lair:2   | Noticed Erica
 15245 | Lair:2   | Killed Erica
 16096 | Lair:3   | Reached XP level 12. HP: 90/99 MP: 18/18
 16720 | Lair:3   | Reached skill level 10 in Axes
 18757 | D:9      | Bought a shiny shield for 172 gold pieces
 19615 | Lair:4   | Noticed Rupert
 19617 | Lair:4   | Paralysed by Rupert for 7 turns
 19663 | Lair:4   | Noticed Rupert
 19663 | Lair:4   | Rupert changed into Rupert the stone giant
 19689 | Lair:4   | Killed Rupert the stone giant
 21499 | Lair:5   | Noticed a death yak
 21509 | Lair:5   | Noticed a death yak
 21551 | Lair:5   | Killed a death yak
 21622 | Lair:5   | Killed a death yak
 22138 | Lair:6   | Entered Level 6 of the Lair of Beasts
 22145 | Lair:6   | Found a staircase to the Slime Pits.
 22480 | Lair:6   | Noticed a four-headed hydra
 22487 | Lair:6   | Killed a one-headed hydra
 22582 | Lair:6   | Noticed a seven-headed hydra
 22610 | Lair:6   | Banished a seven-headed hydra
 22610 | Lair:6   | Reached skill level 10 in Invocations
 22610 | Lair:6   | Reached XP level 13. HP: 24/107 MP: 20/20
 22949 | Lair:6   | Reached skill level 10 in Armour
 24488 | Lair:6   | Reached skill level 11 in Axes
 24621 | Lair:6   | Reached skill level 1 in Throwing
 24629 | Lair:6   | Reached skill level 1 in Shields
 24659 | Lair:6   | Mangled by a catoblepas

Levels and vault maps discovered:
D:1:      evilmike_arrival_hilbert_curve, layout_loops_ring, dk_noncrumbling_4
D:2:      layout_loops_corners, nicolae_qazlal_style_of_elements,
          old_standard_altar, nicolae_gozag_seed_capital, uniq_robin,
          uniq_sigmund, uniq_natasha
D:3:      layout_basic, kennysheep_generic_room_3, uniq_terence, uniq_jessica
D:4:      layout_basic, lemuel_doored_altar,
          minmay_temple_entry_statues_pillars, uniq_blork_the_orc, uniq_duvessa
D:5:      layout_loops_corners, first_ration, uniq_pikel
D:6:      layout_basic, kennysheep_mini_moat, nicolae_ossuary_entry_monument
D:7:      layout_layer_cave, basic_altar, serial_shops,
          nicolae_shop_temple_entry_statues_fountains, uniq_harold
D:8:      layout_loops_ring, the_bakery, uniq_gastronok
D:9:      layout_gridville, nicolae_overflow_crystal_walls, lair_entry_dummy,
          serial_shops, shop, nicolae_shop_statue_plus, shop_statue, shop,
          nicolae_shop_behind_doors
Lair:1:   dragon1_lemuel, layout_gridlike, gammafunk_ghost_ooze,
          grunt_megastairs_1, serial_bayou_shore_b
Lair:2:   layout_cave_pods, minmay_shoals_entry_beasts,
          spider_nest_entry_web_field, uniq_erica
Lair:3:   layout_loops_ring
Lair:4:   layout_gridlike, worms_lemuel, uniq_rupert
Lair:5:   layout_loops_ring
Lair:6:   grunt_lair_end_beastmaster, layout_regular_city,
          nicolae_slime_entry_slimehenge

Skill      XL: |  1  2  3  4  5  6  7  8  9 10 11 12 13 |
---------------+----------------------------------------+-----
Axes           | 2 3 4 5 7 8 9 10 11 | 11.1
Dodging        | 1 2 3 4 5 6 |  6.9
Armour         | 2 3 4 5 7 8 9 10 | 10.3
Invocations    | 3 4 5 6 7 8 10 | 10.3
Fighting       | 4 5 6 7 8 |  8.1
Throwing       | 1 |  1.1
Shields        | 1 |  1.0
Evocations     | |  0.5

Action                   |  1- 3 |  4- 6 |  7- 9 | 10-12 | 13-15 || total
-------------------------+-------+-------+-------+-------+-------++-------
Melee: Hand axe          |    55 |   165 |   385 |       |       ||   605
       Kick              |    11 |    35 |   119 |   180 |    43 ||   388
       War axe           |       |       |    97 |   129 |       ||   226
       Battleaxe         |       |       |       |   505 |   129 ||   634
Throw: Boomerang         |       |       |       |     2 |    12 ||    14
Invok: Depart the Abyss  |     1 |       |     1 |       |       ||     2
       Banish            |       |       |     3 |    17 |     2 ||    22
       Bend Space        |       |       |     1 |       |       ||     1
Evoke: Wand              |       |       |       |    11 |       ||    11
  Use: Potion            |     6 |     1 |     7 |     3 |       ||    17
       Scroll            |     5 |     2 |    19 |    11 |       ||    37
  Eat: Chunk             |       |     5 |    17 |    25 |     6 ||    53
       Ration            |       |       |     1 |     6 |       ||     7
Armor: Leather armour    |    14 |       |       |       |       ||    14
       Chain mail        |     9 |   119 |   123 |       |       ||   251
       Plate armour      |       |       |   140 |   552 |    94 ||   786
Dodge: Dodged            |    16 |    36 |   111 |   194 |    27 ||   384
       Deflected         |       |       |     6 |       |       ||     6
Block: Other             |       |     6 |    47 |    91 |    11 ||   155
       Reflection        |       |       |     3 |     1 |       ||     4
       Shield            |       |       |       |    25 |       ||    25

Table legend:
 A = Non-vault XP
 B = Vault XP
 C = Vault XP percentage of total XP
 D = Non-vault monster count
 E = Vault monster count
 F = Vault count percentage of total count
                 A         B        C        D         E       F
            +---------+---------+-------+---------+---------+-------
      Total |   32093 |   15823 |  33.0 |     279 |      81 |  22.5
            +---------+---------+-------+---------+---------+-------
        D:1 |      24 |       0 |   0.0 |      16 |       0 |   0.0
        D:2 |      71 |     291 |  80.4 |      21 |      12 |  36.4
        D:3 |      69 |      78 |  53.1 |      26 |       3 |  10.3
        D:4 |     496 |     953 |  65.8 |      16 |       4 |  20.0
        D:5 |     652 |       0 |   0.0 |      24 |       0 |   0.0
        D:6 |     271 |     485 |  64.2 |      10 |       1 |   9.1
        D:7 |     994 |       0 |   0.0 |      21 |       0 |   0.0
        D:8 |     753 |    2444 |  76.4 |      18 |       2 |  10.0
        D:9 |    1780 |       0 |   0.0 |      23 |       0 |   0.0
     Lair:1 |    2405 |    2223 |  48.0 |      11 |       7 |  38.9
     Lair:2 |    8276 |    1723 |  17.2 |      30 |       3 |   9.1
     Lair:3 |    1849 |       0 |   0.0 |      10 |       0 |   0.0
     Lair:4 |    2928 |    1949 |  40.0 |      13 |       4 |  23.5
     Lair:5 |    4233 |       0 |   0.0 |      14 |       0 |   0.0
     Lair:6 |    7292 |    5416 |  42.6 |      26 |      13 |  33.3
    Ossuary |       0 |     261 | 100.0 |       0 |      32 | 100.0
            +---------+---------+-------+---------+---------+-------
